 Dungeon Crawl Stone Soup version 0.30-a0-748-ge6a52f7cba (webtiles) character file.

Game seed: 14273898062466349048

40714 hikkokomori the Geomancer (level 13, -8/87 HPs)
             Began as a Deep Elf Earth Elementalist on Feb 9, 2023.
             Was a Priest of Ashenzari.
             Mangled by a dire elephant (27 damage)
             ... on level 4 of the Lair of Beasts.
             The game lasted 00:47:17 (19196 turns).

hikkokomori the Geomancer (DEEE)                   Turns: 19196, Time: 00:47:17

Health: -8/87      AC: 13    Str:  5    XL:     13   Next: 76%
Magic:  7/32       EV: 23    Int: 26    God:    Ashenzari [***...]
Gold:   1031       SH:  7    Dex: 21    Spells: 6/39 levels left

rFire   + . .      SeeInvis +    c - staff of conjuration (curse) {Self, Elem}
rCold   + . .      Faith    .    n - +0 buckler "Mistrust of Ashenzari" {Cun, Self} (curse)
rNeg    . . .      Spirit   .    N - +4 steam dragon scales "Cursed Flawed Execution" {Self, Bglg} (curse)
rPois   .          Reflect  .    z - +0 helmet of the Tethered Moon {Elem, Fort} (curse)
rElec   .          Harm     .    J - scarf {rC+ rF+}
rCorr   .          Rampage  .    (no gloves)
Will    +....      Clarity  +    H - +2 pair of boots {Stlth+}
Stlth   +++++++                  (no amulet)
HPRegen 0.34/turn                e - ring of Panopticon {EV+5, Self, Bglg} (curse)
MPRegen 0.23/turn                K - +6 ring of dexterity

@: studying Polearms
A: camouflage 1
a: Renounce Religion, Shatter the Chains


You were on level 4 of the Lair of Beasts.
You worshipped Ashenzari.
Ashenzari was most pleased with you.
You visited 3 branches of the dungeon, and saw 16 of its levels.
You also visited: Bailey, Gauntlet and Ice Cave.

You collected 1031 gold pieces.

Inventory:

Hand Weapons
 V - the +8 Vampire's Tooth {megavamp}
   (You found it on level 2 of the Lair of Beasts)
Missiles
 m - 4 throwing nets
 w - 5 atropa-tipped darts
 M - 2 datura-tipped darts
Armour
 a - a +0 robe
 n - the cursed +0 buckler "Mistrust of Ashenzari" (worn) {Cun, Self}
   (You found it on level 6 of the Dungeon)

   It has a curse which improves the following skills: Cunning: Dodging and
   Stealth.
   Introspection: Fighting and Spellcasting.
 z - the cursed +0 helmet of the Tethered Moon (worn) {Elem, Fort}
   (You found it on level 11 of the Dungeon)

   It has a curse which improves the following skills: Elements: Fire Magic, Ice
   Magic, Air Magic and Earth Magic.
   Fortitude: Armour and Shields.
 G - +0 swamp dragon scales
 H - a +2 pair of boots of stealth (worn)
 J - a scarf of resistance (worn)
 N - the cursed +4 steam dragon scales "Cursed Flawed Execution" (worn) {Self, Bglg}
   (You found it on level 8 of the Dungeon)

   It has a curse which improves the following skills: Introspection: Fighting
   and Spellcasting.
   Beguiling: Conjurations, Hexes and Translocations.
Magical Staves
 c - a cursed staff of conjuration (weapon) {Self, Elem}
Jewellery
 e - the cursed ring of Panopticon (left hand) {EV+5, Self, Bglg}
   (You found it on level 1 of the Dungeon)

   [ring of evasion]

   EV:        It affects your evasion (+5).
   It has a curse which improves the following skills: Introspection: Fighting
   and Spellcasting.
   Beguiling: Conjurations, Hexes and Translocations.
 D - a ring of see invisible
 K - a +6 ring of dexterity (right hand)
Wands
 i - a wand of paralysis (20)
 B - a wand of flame (13)
 C - a wand of iceblast (18)
 O - a wand of polymorph (4)
 T - a wand of mindburst (3)
 U - a wand of light (13)
Scrolls
 d - a scroll of blinking
 f - 2 scrolls of fog
 g - 20 scrolls of identify
 k - 3 scrolls of enchant weapon
 l - 5 scrolls of teleportation
 q - 3 scrolls of noise
 u - 6 scrolls of poison
 x - 3 scrolls of immolation
 y - 4 scrolls of fear
 A - 3 scrolls of silence
 I - 5 scrolls of amnesia
 P - 3 scrolls of magic mapping
 Q - a scroll of summoning
 W - a scroll of vulnerability
Potions
 b - a potion of magic
 h - a potion of brilliance
 j - a potion of resistance
 o - 3 potions of mutation
 p - 4 potions of heal wounds
 r - 10 potions of curing
 s - 4 potions of attraction
 t - a potion of haste
 E - 2 potions of lignification
 F - 4 potions of might
 L - 2 potions of berserk rage
 R - a potion of invisibility
 S - a potion of flight


   Skills:
 - Level 8.6(12.5) Fighting
 - Level 8.0 Staves
 + Level 7.5(9.2) Dodging
 - Level 8.4(10.0) Stealth
 - Level 5.1(6.7) Shields
 - Level 9.7(13.6) Spellcasting
 + Level 6.9(9.4) Conjurations
 - Level 3.9(6.1) Translocations
 - Level 1.1 Transmutations
 + Level 7.1(9.6) Air Magic
 - Level 10.3(12.8) Earth Magic
 + Level 8.9 Evocations


You had 6 spell levels left.
You knew the following spells:

 Your Spells              Type           Power      Damage    Failure   Level
a - Sandblast             Erth           100%       2d20      1%          1
b - Stone Arrow           Conj/Erth      100%       3d13      1%          3
c - Passwall              Tmut/Erth      43%        N/A       1%          2
d - Blink                 Tloc           98%        N/A       1%          2
e - Lee's Rapid Deconstr  Erth           35%        3d18*     1%          5
f - Vhi's Electric Charg  Tloc/Air       100%       N/A       1%          3
g - Iskenderun's Mystic   Conj/Tloc      72%        2d15      1%          4
h - Ozocubu's Armour      Ice            19%        N/A       11%         3
i - Arcjolt               Conj/Air       39%        1d49      2%          5
j - Lightning Bolt        Conj/Air       39%        1d58      2%          5

Your spell library contained the following spells:

 Spells                   Type           Power      Damage    Failure   Level
 Apportation              Tloc           98%        N/A       1%          1
 Magic Dart               Conj           100%       1d8       1%          1
 Lesser Beckoning         Tloc           98%        N/A       1%          2
 Momentum Strike          Conj/Tloc      100%       3d10      1%          2
 Poisonous Vapours        Pois/Air       84%        N/A       1%          2
 Static Discharge         Conj/Air       100%       2-7/arc   1%          2
 Gell's Gravitas          Tloc           49%        N/A       1%          3
 Hailstorm                Conj/Ice       59%        3d13      1%          3
 Kindle Blastsparks       Fire/Tloc/Air  90%        2d17      1%          3
 Mephitic Cloud           Conj/Pois/Air  66%        N/A       1%          3
 Swiftness                Air            61%        N/A       1%          3
 Teleport Other           Tloc           49%        N/A       1%          3
 Petrify                  Tmut/Erth      52%        N/A       2%          4
 Manifold Assault         Tloc           49%        N/A       3%          4
 Necrotise                Necr           68%        1d7       4%          1
 Summon Small Mammal      Summ           68%        N/A       4%          1
 Ensorcelled Hibernation  Hex/Ice        38%        N/A       5%          2
 Fulminant Prism          Conj/Hex       29%        3d14      5%          4
 Call Imp                 Summ           17%        N/A       6%          2
 Ignite Poison            Fire/Tmut/Pois 20%        N/A       10%         3
 Spider Form              Tmut/Pois      20%        N/A       10%         3
 Summon Guardian Golem    Hex/Summ       18%        N/A       12%         3
 Summon Forest            Summ/Tloc      16%        N/A       32%         5
 Statue Form              Tmut/Erth      34%        N/A       34%         6
 Anguish                  Hex/Necr       9%         N/A       36%         4
 Olgreb's Toxic Radiance  Pois           17%        N/A       38%         4
 Metabolic Englaciation   Hex/Ice        9%         N/A       69%         5
 Simulacrum               Ice/Necr       9%         N/A       99%         6
 Summon Cactus Giant      Summ           8%         N/A       99%         6
 Orb of Destruction       Conj           39%        9d11      56%         7
 Spellforged Servitor     Conj/Summ      29%        N/A       99%         7
 Maxwell's Capacitive Co  Air            30%        ∞         99%         8


Dungeon Overview and Level Annotations

Branches:
Dungeon (11/15)            Temple (1/1) D:4            Lair (4/5) D:9
  Swamp (0/4) Lair:2        Snake (0/4) Lair:2        Slime (0/5) Lair:4
    Orc (0/2) D:10         Bailey (visited)           IceCv (visited)
Gauntlet (visited)

Altars:
Ashenzari
Cheibriados
Dithmenos
Elyvilon
Fedhas
Gozag
Hepliaklqana
Kikubaaqudgha
Makhleb
Nemelex Xobeh
Okawaru
Qazlal
Ru
Sif Muna
Trog
Uskayaw
Vehumet
Wu Jian
Xom
Yredelemnul
Zin
The Shining One
Jiyva

Portals:
Trove: D:11 (give 7 scrolls of blinking)

Annotations:
Lair:4 1 runed translucent door


Innate Abilities, Weirdness & Mutations

Your skin changes colour to match your surroundings (Stealth+).


Message History

Ashenzari will now keep your mind clear.
Found a potion of degeneration.
You now have 1031 gold pieces (gained 8).
You pick up a book of Displacement and begin reading...
You add the spells Gell's Gravitas and Teleport Other to your library.
s - 4 potions of attraction (gained 1)
A dire elephant is nearby!
A dire elephant is nearby!
The dire elephant trumpets!
You feel a surge of power!
The stone arrow hits the dire elephant!!
The dire elephant is moderately wounded.
Casting: Stone Arrow (safe; 1% risk of failure)
Confirm with . or Enter, or press ? or * to list all spells.
A film of ice covers your body! The dire elephant tramples you!!
You stumble backwards!
Your icy armour cracks and falls away as you move.
Casting: Ozocubu's Armour (dangerous; 11% risk of failure)
Confirm with . or Enter, or press ? or * to list all spells.
You feel a surge of power!
Electricity surges outward!
The dire elephant is severely wounded.
The dire elephant tramples you!
You stumble backwards!
Casting: Arcjolt (dangerous; 2% risk of failure)
Confirm with . or Enter, or press ? or * to list all spells.
You feel a surge of power!
Electricity surges outward!
The dire elephant is almost dead.
The dire elephant tramples you!!
You stumble backwards!
Casting: Arcjolt (dangerous; 2% risk of failure)
Confirm with . or Enter, or press ? or * to list all spells.
You feel a surge of power!
Electricity surges outward!
The dire elephant is almost dead.
The dire elephant tramples you!
* * * LOW HITPOINT WARNING * * *
You stumble backwards!
Casting: Arcjolt (dangerous; 2% risk of failure)
Confirm with . or Enter, or press ? or * to list all spells.
You feel a surge of power!
Electricity surges outward!
The dire elephant is almost dead.
The dire elephant tramples you!!
You die...

....................#
....................##
.....................#
...#....##.#........##
.######.*#####.......## ## ##*
##.........P# ##...........#
#......Y.....# ##.....@.....#
#.........P.## # ##.........##
#### #P.........# ### ...###
##.........## #.## ...#.#
#.........P# ##.# .....####
#..........# ### ##..#
........###.........#####.###...#
...P...P..###......###......#...#


You could see a dire elephant.

Vanquished Creatures
  An orc warlord (Bailey)
  A minotaur (Gauntlet)
  A ghost crab (Gauntlet)
  A catoblepas (Lair:3)
  A hydra (Lair:3)
  A boulder beetle (Lair:4)
  A two-headed ogre (D:11)
  Nergalle (D:11)
  3 bog bodies (Lair:2)
  2 ugly things (IceCv)
  11 elephants
  A cyclops (D:11)
  4 black mambas
  4 cane toads
  2 ice statues (IceCv)
  A torpor snail (Lair:2)
  Maggie (D:6)
  5 unseen horror zombies (D:9)
  3 rime drakes
  4 komodo dragons
  A guardian mummy (D:11)
  3 trolls
  A tyrant leech (Gauntlet)
  5 blink frogs (Lair:2)
  3 dream sheep (Lair:2)
  A shadow (D:11)
  A vampire (D:11)
  A wraith (D:11)
  3 wyverns
  25 yaks
  Eustachio (D:3)
  2 steam dragons (D:8)
  Grum (Lair:1)
  3 swamp worms (Gauntlet)
  A naga (Lair:2)
  An acid dragon (D:7)
  7 water moccasins
  11 orc warriors
  A sky beast (D:8)
  3 ice beasts
  13 wolves
  A black bear (D:9)
  2 ogres (D:5)
  3 centaurs
  A phantom (D:6)
  10 bullfrogs
  3 kobold brigands
  2 necrophages
  4 scorpions
  15 wights
  2 elephant simulacra (IceCv)
  6 electric eels
  6 howler monkeys
  A centaur zombie (D:9)
  6 orc priests
  2 jellies
  4 hounds
  3 iguanas
  5 orc wizards
  6 hell rats (Lair:1)
  A polar bear simulacrum (IceCv)
  3 wolf simulacra (IceCv)
  A killer bee zombie (D:9)
  A howler monkey zombie (D:9)
  14 gnolls
  9 adders
  4 worms
  4 dart slugs
  34 orcs
  8 ball pythons
  7 endoplasms
  5 giant cockroaches
  10 hobgoblins
  10 jackals
  28 kobolds
  2 quokkas
  6 bats
  6 frilled lizards
  18 goblins
  8 rats
398 creatures vanquished.

Vanquished Creatures (others)
  A demonic plant (Gauntlet)
  29 fungi
  26 plants
  8 withered plants (D:9)
64 creatures vanquished.

Grand Total: 462 creatures vanquished

Notes
Turn   | Place    | Note
-------+----------+-------------------------------------------
     0 | D:1      | hikkokomori the Deep Elf Earth Elementalist began the quest
                  | for the Orb.
     0 | D:1      | Reached XP level 1. HP: 10/10 MP: 6/6
   143 | D:1      | Reached XP level 2. HP: 16/16 MP: 5/8
   363 | D:1      | Reached skill level 1 in Conjurations
   666 | D:2      | Reached XP level 3. HP: 20/20 MP: 7/10
   733 | D:2      | Reached skill level 1 in Fighting
  1221 | D:2      | Reached XP level 4. HP: 25/25 MP: 4/11
  1321 | D:2      | Reached skill level 4 in Earth Magic
  2321 | D:3      | Reached XP level 5. HP: 27/29 MP: 10/13
  2688 | D:4      | Noticed Eustachio
  2697 | D:4      | Gained mutation: You occasionally shout uncontrollably at
                  | your foes. [potion of mutation]
  2869 | D:3      | Killed Eustachio
  2870 | D:3      | Reached skill level 5 in Spellcasting
  2870 | D:3      | Reached XP level 6. HP: 31/36 MP: 1/15
  2998 | D:4      | Found a staircase to the Ecumenical Temple.
  3014 | D:4      | Reached skill level 5 in Earth Magic
  3017 | Temple   | Entered the Ecumenical Temple
  3164 | Temple   | Became a worshipper of Ashenzari the Shackled
  3368 | D:4      | Learned a level 3 spell: Stone Arrow
  3371 | D:4      | Learned a level 2 spell: Passwall
  3374 | D:4      | Learned a level 2 spell: Blink
  3388 | D:5      | Entered Level 5 of the Dungeon
  3392 | D:5      | Reached XP level 7. HP: 40/40 MP: 10/17
  3766 | D:5      | Found a glowing silver altar of Zin.
  4218 | D:5      | Found a radiant altar of Vehumet.
  4480 | D:5      | Reached skill level 6 in Earth Magic
  4480 | D:5      | Reached XP level 8. HP: 47/47 MP: 10/20
  4680 | D:6      | Reached skill level 5 in Conjurations
  5136 | D:6      | Noticed Maggie
  5162 | D:6      | Killed Maggie
  5163 | D:6      | Reached skill level 1 in Evocations
  5463 | D:6      | Reached * piety under Ashenzari
  5638 | D:7      | Learned a level 5 spell: Lee's Rapid Deconstruction
  5645 | D:7      | Reached XP level 9. HP: 54/54 MP: 16/23
  5705 | D:7      | Found a stormy altar of Qazlal.
  5978 | D:7      | Reached skill level 7 in Earth Magic
  6193 | D:7      | Reached skill level 5 in Fighting
  6686 | D:8      | Reached skill level 5 in Stealth
  6925 | D:8      | Reached ** piety under Ashenzari
  7229 | D:8      | Reached skill level 1 in Shields
  7701 | D:8      | Found an ornate altar of the Wu Jian Council.
  7704 | D:8      | Reached skill level 8 in Earth Magic
  8083 | D:9      | Found an ancient bone altar of Kikubaaqudgha.
  8127 | D:9      | Reached skill level 5 in Evocations
  8130 | D:9      | Reached XP level 10. HP: 64/64 MP: 12/25
  8653 | D:9      | Found a blossoming altar of Fedhas.
  9105 | D:9      | Found a staircase to the Lair.
  9178 | D:9      | Reached skill level 9 in Earth Magic
  9446 | D:10     | Entered Level 10 of the Dungeon
  9532 | D:10     | Found a flagged portal.
  9563 | D:10     | Lost mutation: You occasionally shout uncontrollably at
                  | your foes. [potion of mutation]
  9563 | D:10     | Gained mutation: Your skin changes colour to match your
                  | surroundings (Stealth+). [potion of mutation]
  9565 | Bailey   | Entered a bailey
  9624 | Bailey   | Noticed an orc warlord
  9668 | Bailey   | Reached skill level 1 in Staves
  9805 | Bailey   | Found a runed translucent gate.
  9808 | Bailey   | Found a runed translucent gate.
  9809 | Bailey   | Found a runed translucent gate.
  9938 | Bailey   | Killed an orc warlord
  9957 | Bailey   | Reached skill level 5 in Shields
  9957 | Bailey   | Reached skill level 10 in Earth Magic
  9957 | Bailey   | Reached XP level 11. HP: 71/71 MP: 15/26
 10039 | D:10     | Learned a level 3 spell: Vhi's Electric Charge
 10044 | D:10     | Learned a level 4 spell: Iskenderun's Mystic Blast
 10048 | D:10     | Learned a level 3 spell: Ozocubu's Armour
 10054 | D:10     | Learned a level 5 spell: Arcjolt
 10220 | D:10     | Found an opulent altar of Gozag.
 10468 | D:10     | Found a staircase to the Orcish Mines.
 10892 | D:10     | Reached XP level 12. HP: 77/77 MP: 11/27
 10946 | D:10     | Reached skill level 1 in Air Magic
 11149 | D:10     | Found a sacrificial altar of Ru.
 11151 | D:10     | Found a bloodstained altar of Trog.
 11812 | D:11     | Noticed a two-headed ogre
 11821 | D:11     | Killed a two-headed ogre
 11822 | D:11     | Reached skill level 5 in Staves
 11918 | D:11     | Noticed Nergalle
 11925 | D:11     | Killed Nergalle
 12822 | D:11     | Found a portal to a secret trove of treasure.
 13005 | Lair:1   | Entered Level 1 of the Lair of Beasts
 13012 | Lair:1   | Learned a level 5 spell: Lightning Bolt
 13602 | Lair:1   | Noticed Grum
 13606 | Lair:1   | Killed Grum
 14370 | Lair:2   | Found the +8 Vampire's Tooth {megavamp}
 14593 | Lair:2   | Found a staircase to the Snake Pit.
 14966 | Lair:2   | Reached skill level 5 in Air Magic
 14967 | Lair:2   | Reached XP level 13. HP: 84/84 MP: 7/31
 15077 | Lair:2   | Found a staircase to the Swamp.
 15365 | Lair:3   | Reached skill level 5 in Dodging
 16290 | Lair:3   | Reached *** piety under Ashenzari
 17194 | Lair:4   | Found a runed translucent door.
 17203 | Lair:4   | Found a frozen archway.
 17215 | Lair:4   | Found a gate leading to a gauntlet.
 17224 | Gauntlet | Entered a Gauntlet
 17224 | Gauntlet | Found a transporter.
 17228 | Gauntlet | Found a transporter.
 17231 | Gauntlet | Found a transporter.
 17234 | Gauntlet | Found a transporter.
 17234 | Gauntlet | Found a transporter.
 17235 | Gauntlet | Found a transporter.
 17247 | Gauntlet | Noticed a balrug
 17248 | Gauntlet | Found a transporter.
 17256 | Gauntlet | Found a transporter.
 17292 | Gauntlet | Found a transporter.
 17296 | Gauntlet | Identified the +1 hat of the Underlurkers {Harm rCorr}
 17311 | Gauntlet | Found a transporter.
 17315 | Gauntlet | Found a transporter.
 17315 | Gauntlet | Identified the +0 helmet of Insecurity {Int+3}
 17324 | Gauntlet | Found a transporter.
 17604 | Gauntlet | Identified the Book of the Learner
 17604 | Gauntlet | Noticed a minotaur
 17609 | Gauntlet | Killed a minotaur
 17653 | IceCv    | Entered an ice cave
 17656 | IceCv    | Found a transporter.
 17670 | IceCv    | Identified Suwuff's Enchiridion on Amassed Infection
 17759 | IceCv    | Found a transporter.
 18356 | Lair:4   | Noticed a dire elephant
 18707 | Lair:4   | Found a viscous altar of Jiyva.
 18862 | Lair:4   | Found a staircase to the Slime Pits.
 19196 | Lair:4   | Mangled by a dire elephant

Illustrated notes

Levels and vault maps discovered:
D:1:      roderic_chinese_lattice_arrival, layout_rooms
D:2:      kennysheep_the_goblin_king, layout_loops_cross,
          dreamdust_wishing_well, minmay_pentomino_pile
D:3:      layout_loops_ring, grunt_ministairs_9
D:4:      layout_rooms, minmay_temple_entry_sparse_star,
          kennysheep_generic_room_3, uniq_eustachio
D:5:      layout_loops_ring, vehumet_altar_wand_db, mainiacjoe_overflow_24_doors
D:6:      layout_gridville, uniq_maggie
D:7:      layout_loops_ring, nicolae_qazlal_scattered_showers,
          minmay_misc_feat_plants
D:8:      layout_gridville, nicolae_wu_jian_immortal_techniques
D:9:      layout_roguey, kiku_gazebo_garden_becter, fedhas_altar_3,
          grunt_lair_entry_orc_guard_hut, serial_undead, serial_undead_b,
          serial_undead_f, serial_undead_d, serial_undead_c, serial_undead_e,
          serial_undead_f, minmay_misc_feat_more_columns,
          hangedman_abyss_or_decor_stabs
D:10:     layout_basic, nicolae_gozag_seed_capital,
          mainiacjoe_overflow_divided_tiny, minmay_orc_entry_temple_small,
          enter_bailey_5
D:11:     layout_rooms, nicolae_trove_entry_path_of_doom, serial_corexii_hall,
          corexii_hall_statues_u, chequers_hall_statues_y, uniq_nergalle
Temple:   nicolae_temple_god_jail
Lair:1:   layout_small_grid, uniq_grum
Lair:2:   layout_long_grid, nicolae_swamp_entry_splash_gauntlet,
          guppyfry_snake_entry_garden, st_stairs_6, grunt_megastairs_2,
          infiniplex_staircase_pool, serial_bayou_shore_a, serial_bayou_shore_b
Lair:3:   layout_regular_city, st_stairs_9, grunt_megastairs_4
Lair:4:   beast_lair_carwin_large_2, layout_hall_layers,
          nicolae_slime_entry_slimehenge, gauntlet_entry_generic,
          portal_ice_cave_entry_pillars_1, pf_torpor_hydra, serial_bayou_shore_b

Skill      XL: |  1  2  3  4  5  6  7  8  9 10 11 12 13 |
---------------+----------------------------------------+-----
Conjurations   | 1 2 3 4 6 |  6.9
Fighting       | 1 2 3 4 5 7 8 |  8.6
Earth Magic    | 4 5 6 8 10 | 10.3
Spellcasting   | 4 5 6 7 9 |  9.7
Dodging        | 3 4 7 |  7.5
Stealth        | 3 5 6 8 |  8.4
Evocations     | 2 5 6 7 8 |  8.9
Shields        | 1 5 |  5.1
Staves         | 4 6 8 |  8.0
Translocations | 3 |  3.9
Air Magic      | 5 7 |  7.1
Transmutations | |  1.1

Action                     |  1- 3 |  4- 6 |  7- 9 | 10-12 | 13-15 || total
---------------------------+-------+-------+-------+-------+-------++-------
  Melee: Staff             |     1 |     3 |    10 |    67 |    93 ||   174
         Short sword       |       |     5 |       |       |       ||     5
         Morningstar       |       |       |       |     5 |       ||     5
   Cast: Sandblast         |    61 |    99 |    10 |    26 |       ||   196
         Stone Arrow       |       |     2 |   125 |   188 |    42 ||   357
         Lee's Rapid Decon |       |       |       |     8 |       ||     8
         Iskenderun's Myst |       |       |       |     2 |     9 ||    11
         Arcjolt           |       |       |       |    10 |    51 ||    61
         Lightning Bolt    |       |       |       |     5 |    11 ||    16
         Ozocubu's Armour  |       |       |       |     2 |     5 ||     7
         Vhi's Electric Ch |       |       |       |       |     2 ||     2
 Invoke: Curse Item        |       |       |     3 |     1 |     2 ||     6
         Shatter the Chain |       |       |       |       |     1 ||     1
  Evoke: Wand              |       |     1 |     4 |    16 |     7 ||    28
    Use: Potion            |       |     1 |       |     5 |     2 ||     8
         Scroll            |       |       |     5 |     1 |     4 ||    10
   Stab: Sleeping          |     1 |     1 |       |       |     5 ||     7
         Paralysed         |       |     5 |       |     5 |       ||    10
         Distracted        |       |       |       |     1 |     1 ||     2
 Armour: Robe              |     3 |    16 |     3 |       |       ||    22
         Steam dragon scal |       |       |     4 |    47 |    55 ||   106
  Dodge: Dodged            |    12 |    61 |    43 |   156 |   177 ||   449
  Block: Buckler           |       |       |     4 |    52 |    54 ||   110

Table legend: (Time is in decaauts)
 A = Elapsed time spent in this place.
 B = Non-inter-level travel time spent in this place.
 C = Inter-level travel time spent in this place.
 D = Time resting spent in this place.
 E = Time spent auto-exploring this place.
 F = Levels seen in this place.
 G = Mean time per level.
                   A        B        C        D        E       F      G
               +--------+--------+--------+--------+--------+-----+--------+
         Total |  19396 |  18457 |    939 |   1782 |  13851 |  19 | 1020.8 |
       Dungeon |  12774 |  12063 |    711 |    813 |   9644 |  11 | 1161.3 |
        Temple |    164 |    147 |     17 |      0 |     79 |   1 |  164.0 |
          Lair |   5099 |   4889 |    210 |    356 |   3899 |   4 | 1274.8 |
        Bailey |    489 |    489 |      0 |     98 |    229 |   1 |  489.0 |
      Ice Cave |    453 |    453 |      0 |    352 |      0 |   1 |  453.0 |
      Gauntlet |    414 |    414 |      0 |    163 |      0 |   1 |  414.0 |
               +--------+--------+--------+--------+--------+-----+--------+

Top non-repeatable levels by time:
    D:10: 1852 daAuts
  Lair:3: 1555 daAuts
     D:9: 1496 daAuts
     D:8: 1440 daAuts
     D:5: 1416 daAuts
  Lair:2: 1332 daAuts
    D:11: 1275 daAuts
     D:7: 1178 daAuts
  Lair:4: 1165 daAuts
     D:2: 1088 daAuts
  Lair:1: 1046 daAuts
     D:3: 1011 daAuts
     D:6: 806 daAuts
     D:1: 674 daAuts
     D:4: 532 daAuts
